 Dungeon Crawl Stone Soup version 0.18.1-8-gdd0e5ea (webtiles) character file.

125 Gargoyl the Skirmisher (level 4, -2/55 HPs)
             Began as a Demonspawn Abyssal Knight on May 23, 2016.
             Was a Believer of Lugonu.
             Killed by divine providence
             ... invoked by an orc priest
              (12 damage)
             ... on level 3 of the Dungeon.
             The game lasted 00:04:13 (2374 turns).

Gargoyl the Skirmisher (Demonspawn Abyssal Knight)  Turns: 2374, Time: 00:04:14

Health: -2/55      AC: 22    Str: 14    XL:     4   Next: 82%
Magic:  6/6        EV:  2    Int: 18    God:    Lugonu [**....]
Gold:   121        SH:  0    Dex: 12    Spells: 0 memorised, 3 levels left

rFire  . . .     SeeInvis .     a - +1 hand axe
rCold  + . .     Gourm    .     (armour currently unavailable)
rNeg   + + +     Faith    .     (no shield)
rPois  +         Spirit   .     (helmet currently unavailable)
rElec  .         Dismiss  .     (cloak currently unavailable)
rCorr  .         Reflect  .     (gloves currently unavailable)
SustAt .         Harm     .     (boots currently unavailable)
MR     .....     NoTele   +     (no amulet)
Stlth  +++.......               i - ring of stealth
                                h - ring of protection from cold

@: brilliant, tree-form, not resistant to hostile enchantments, fairly stealthy
A: (antennae 0), (talons 0), (yellow scales 0), nightstalker 1
a: Depart the Abyss, Bend Space, Renounce Religion


You were on level 3 of the Dungeon.
You worshipped Lugonu.
Lugonu was pleased with you.
You were very hungry.
You were a tree.
You visited 1 branch of the dungeon, and saw 3 of its levels.
You visited the Abyss 1 time.

You collected 121 gold pieces.

Inventory:

Hand Weapons
 a - a +1 hand axe (weapon)
Armour
 d - a +0 chain mail (melded)
Jewellery
 h - a ring of protection from cold (left branch)
 i - a ring of stealth (right branch)
 o - an uncursed ring of protection from magic {unknown}
Scrolls
 b - a scroll of fear {unknown}
 j - a scroll of enchant weapon {unknown}
 m - a scroll of immolation {unknown}
 n - a scroll of identify {unknown}
 q - a scroll of random uselessness {unknown}
 s - a scroll of amnesia {unknown}
Potions
 k - a potion of curing {unknown}
 l - a potion of heal wounds {unknown}
 p - a potion of might {unknown}
Comestibles
 c - 3 bread rations
 f - 4 meat rations
 t - 5 fruits


   Skills:
 + Level 4.0 Fighting
 + Level 2.3 Axes
 * Level 3.1 Armour
 + Level 1.4 Dodging
 + Level 0.2 Stealth
 + Level 2.7 Invocations


You had 3 spell levels left.
You didn't know any spells.

Dungeon Overview and Level Annotations

Branches:
Dungeon (3/15)

Altars:
Cheibriados
Dithmenos
Pakellas
Ru
Yredelemnul
The Shining One


Innate Abilities, Weirdness & Mutations

((You have a pair of small antennae on your head.))
((You are partially covered in yellow scales (AC +2).))
You are slightly more attuned to the shadows.
((You have sharp toenails.))


Message History

The orc priest calls down the wrath of Beogh upon you.
Beogh smites you!
* * * LOW HITPOINT WARNING * * *
Drink which item? (? for menu, Esc to quit)
It was a potion of beneficial mutation.
Your toenails lengthen and sharpen.
You feel fantastic! The orc priest barely misses you.
The orc hits you but does no damage.
Drink which item? (? for menu, Esc to quit)
It was a potion of brilliance.
You feel clever all of a sudden. The orc priest barely misses you.
The orc hits you but does no damage.
An orc comes into view. It is wielding a whip.
Drink which item? (? for menu, Esc to quit)
It was a potion of lignification.
You turn into a tree.
Your +0 chain mail melds into your body.
Your roots penetrate the ground.
The orc priest invokes the aid of Beogh against you.
Beogh smites you!
You die...

# ..# ## .. #. .# #.
#.. ##.# #. #..###..#
#######.
#ooo♣?########.......
##.oo.<........#####.
#...########### #...
###.# #..#. #.#
#>.##. ..# #.# #. ..#
#. #.. ##. #.# ....


You could see 2 orc priests and 3 orcs.

Vanquished Creatures
  4 adders (D:2)
  An ooze (D:3)
  3 worms (D:2)
  A dart slug (D:2)
  6 giant geckos
  3 giant cockroaches
  6 goblins
  5 hobgoblins
  7 jackals
  8 kobolds
  2 quokkas (D:2)
  9 bats
  2 giant newts (D:1)
  9 rats
66 creatures vanquished.

Notes
Turn   | Place    | Note
--------------------------------------------------------------
     0 | Abyss:1  | Gargoyl the Demonspawn Abyssal Knight began the quest for the Orb.
     0 | Abyss:1  | Reached XP level 1. HP: 18/18 MP: 2/2
    52 | Abyss:1  | Noticed a thrashing horror
    55 | Abyss:1  | Noticed a quasit
    56 | D:1      | Escaped the Abyss
   303 | D:1      | Reached * piety under Lugonu
   353 | D:1      | Gained mutation: You have a pair of small antennae on your head. [demonic ancestry]
   353 | D:1      | Reached XP level 2. HP: 24/24 MP: 3/3
   631 | D:1      | Reached skill level 1 in Dodging
   876 | D:1      | Gained mutation: You are partially covered in yellow scales (AC +2). [demonic ancestry]
   876 | D:1      | Reached XP level 3. HP: 26/29 MP: 5/5
  1069 | D:2      | Reached ** piety under Lugonu
  1079 | D:2      | Found a snail-covered altar of Cheibriados.
  1462 | D:2      | Found a sacrificial altar of Ru.
  1464 | D:2      | Found a shadowy altar of Dithmenos.
  1465 | D:2      | Found a glowing golden altar of the Shining One.
  1486 | D:2      | Gained mutation: You are slightly more attuned to the shadows. [demonic ancestry]
  1486 | D:2      | Reached XP level 4. HP: 21/37 MP: 6/6
  1491 | D:2      | Found an oddly glowing altar of Pakellas.
  1491 | D:2      | Found a basalt altar of Yredelemnul.
  2090 | D:2      | Reached skill level 4 in Fighting
  2372 | D:3      | Gained mutation: You have sharp toenails. [potion of beneficial mutation]
  2374 | D:3      | Killed from afar by an orc priest

Skill      XL: |  1  2  3  4 |
---------------+-------------+-----
Armour         | 2 3 |  3.1
Dodging        | 1 |  1.4
Axes           | 2 |  2.3
Fighting       | 4 |  4.0
Stealth        | |  0.2
Invocations    | |  2.7

Action                   |  1- 3 |  4- 6 || total
-------------------------+-------+-------++-------
Melee: Hand axe          |   174 |    97 ||   271
Invok: Depart the Abyss  |     1 |       ||     1
  Use: Potion            |       |     3 ||     3
  Eat: Chunk             |     2 |     2 ||     4
Armor: Chain mail        |   170 |    66 ||   236
Dodge: Dodged            |    88 |    35 ||   123
